cohdb
Replays
Latest Replays
All Replays
Popular Replays
Top Player Replays
Match Explorer
How It Works
Community
CoH3 Stats
Reddit
Sign in to upload your games and track your stats! →
Sign in with Steam
Match 46333298
Unlisted
Match 46333298
Overview
Messages
Build Orders
End
Construct Barracks
Selects Advanced Infantry Battlegroup
Riflemen Squad
Riflemen Squad
M1 Mortar Team
Riflemen Squad
Riflemen Squad
Construct Medical Station
Infantry Support Center
Construct Motor Pool
Advanced Logistics
M1 Anti-tank Gun Team
Survival Training
Selects Convert to Ranger Squad
Selects Designate Assault Position
Selects Ranger Weapon Training
Munitions Surplus
Convert to Ranger Squad
Construct Weapon Support Center
Selects Ammunition Storage
Improved M9 Bazooka Rockets
Selects M2A1 105mm Howitzer Emplacement
Selects Free Fire Drills
Engineer Squad
Riflemen Squad
Construct Tank Depot
M4(105) Sherman Bulldozer
MasterStef
DanceFKRdance
0
0
Comments
sign in to comment!
No comments posted yet!